 Dungeon Crawl Stone Soup version 0.31-a0-208-gdb31a4691d (webtiles) character file.

Game seed: 6444554440726352859

291 senseless the Ducker (level 6, -5/42 HPs)
             Began as an Octopode Gladiator on June 28, 2023.
             Slain by an iguana (11 damage)
             ... on level 4 of the Dungeon.
             The game lasted 00:04:25 (2111 turns).

senseless the Ducker (Octopode Gladiator)           Turns: 2111, Time: 00:04:25

Health: -5/42      AC:  2    Str: 13    XL:     6   Next: 32%
Magic:  6/6        EV: 14    Int: 11    God:
Gold:   211        SH:  0    Dex: 15    Spells: 5/5 levels left

rFire   . . .        a - +1 long sword
rCold   . . .        (no shield)
rNeg    . . .        n - +1 hat
rPois   .            (no amulet)
rElec   .            g - ring of willpower
rCorr   .            (no ring)
SInv    .            (no ring)
Will    +....        (no ring)
Stlth   ++++         (no ring)
HPRegen 0.27/turn    (no ring)
MPRegen 0.10/turn    (no ring)
                     (no ring)

%: no passive effects
@: lethally poisoned (-5 -> -6)
A: almost no armour, amphibious, 8 rings, camouflage 1, gelatinous body 1,
(nimble swimmer 1), tentacles
a: no special abilities


You were on level 4 of the Dungeon.
You visited 1 branch of the dungeon, and saw 4 of its levels.

You collected 211 gold pieces.

Inventory:

Hand Weapons
 a - a +1 long sword (weapon)
 b - a +3 dagger
Missiles
 c - 3 throwing nets (quivered)
 d - a javelin
Armour
 n - a +1 hat (worn)
Jewellery
 g - a ring of willpower (left tentacle)
Scrolls
 e - a scroll of blinking
 f - 3 scrolls of identify
 h - a scroll of enchant weapon
 i - a scroll of vulnerability
 j - a scroll of fog {unknown}
 m - 2 scrolls of teleportation
Potions
 k - 6 potions of heal wounds
 l - a potion of might {unknown}
 p - a potion of invisibility


   Skills:
 + Level 3.5 Fighting
 + Level 4.2 Long Blades
 - Level 2.0 Throwing
 + Level 4.3 Dodging
 + Level 4.1 Stealth


You had 5 spell levels left.
You didn't know any spells.
Your spell library contained the following spells:

 Spells                   Type           Power      Damage    Failure   Level
 Apportation              Tloc           0%         N/A       34%         1
 Freeze                   Ice            0%         1d3       34%         1
 Summon Small Mammal      Summ           0%         N/A       34%         1
 Call Canine Familiar     Summ           0%         N/A       71%         3
 Frozen Ramparts          Ice            0%         1d1       71%         3
 Hailstorm                Conj/Ice       0%         3d3       71%         3
 Portal Projectile        Hex/Tloc       0%         N/A       71%         3
 Summon Guardian Golem    Hex/Summ       0%         N/A       71%         3
 Tukima's Dance           Hex            0%         N/A       71%         3
 Leda's Liquefaction      Hex/Erth       0%         N/A       98%         4
 Passage of Golubria      Tloc           0%         N/A       98%         4
 Alistair's Intoxication  Tmut/Pois      0%         N/A       100%        5
 Yara's Violent Unravell  Hex/Tmut       0%         3d3       100%        5


Dungeon Overview and Level Annotations

Branches:
Dungeon (4/15)
 Temple: D:4-7

Altars:


Innate Abilities, Weirdness & Mutations

You cannot wear most types of armour.
You are amphibious.
You can wear up to eight rings at the same time.
Your skin changes colour to match your surroundings (Stealth+).
Your rubbery body absorbs attacks. (AC +1, EV +1)
((You are camouflaged when in or above water. (Stealth+)))
You have tentacles for arms and can constrict up to eight enemies at once.


Message History

You hit the ogre. You squeeze the ogre, but do no damage.
The ogre is severely wounded.
The adder closely misses you. The adder bites you but does no damage.
You hit the ogre.
The ogre is almost dead.
The ogre hits you with a +0 giant club! The adder bites you but does no damage.
The iguana hisses menacingly.
You hit the ogre.
The ogre is almost dead.
The adder bites you but does no damage. The ogre hits you with a +0 giant club.
The adder misses you.
You hit the ogre. You squeeze the ogre.
You kill the ogre!
The adder bites you but does no damage.
Your Stealth skill increases to level 4!
You have reached level 6!
You closely miss the iguana. You grab the iguana.
You squeeze the iguana, but do no damage.
You constrict the iguana. The adder bites you but does no damage.
The iguana bites you. The adder bites you.
You are poisoned.
The adder poisons you!
You slash the iguana!
You squeeze the iguana, but do no damage.
The iguana is heavily wounded.
You constrict the iguana.
You feel sick. The adder bites you. The iguana misses you.
You release your grip on the iguana.
The iguana attacks as you move away! The iguana misses you.
You feel sick. The adder bites you.
You are too injured to fight recklessly!
You are too injured to fight recklessly!
You are too injured to fight recklessly!
You slash the adder! You grab the adder. You squeeze the adder.
You kill the adder!
You feel sick. The iguana bites you!
* * * LOW HITPOINT WARNING * * *
You barely miss the iguana. Your grab misses the iguana.
The iguana is heavily wounded.
You feel sick. The iguana bites you!
You die...

.>..###.#########
...## #......#..##
..## #.#..#.#..+$
.## #......#+###
.######†.....#...#
......#.#..#.#...#
#####.#......#.).#
##'#######l##
#.)...#..@.#
#.#.#.#.##.#
#.....#.##.#
#.#.#.'....#
#.....######
#######


You could see an iguana.

Vanquished Creatures
  An ogre (D:4)
  A scorpion (D:4)
  A hound (D:4)
  4 adders
  A worm (D:2)
  4 dart slugs
  9 orcs
  3 endoplasms
  A giant cockroach (D:3)
  7 goblins
  3 hobgoblins (D:1)
  2 jackals (D:3)
  7 kobolds
  10 ball pythons
  3 bats (D:1)
  A frilled lizard (D:2)
  5 rats
63 creatures vanquished.

Notes
Turn   | Place    | Note
-------+----------+-------------------------------------------
     0 | D:1      | senseless the Octopode Gladiator began the quest for the
                  | Orb.
     0 | D:1      | Reached XP level 1. HP: 14/14 MP: 1/1
    95 | D:1      | Reached skill level 1 in Stealth
    95 | D:1      | Reached XP level 2. HP: 12/19 MP: 2/2
   533 | D:2      | Reached XP level 3. HP: 25/25 MP: 3/3
  1020 | D:2      | Reached XP level 4. HP: 30/30 MP: 4/4
  1351 | D:3      | Found a faded altar of an unknown god.
  2039 | D:4      | Noticed a scorpion
  2047 | D:4      | Killed a scorpion
  2048 | D:4      | Reached XP level 5. HP: 36/36 MP: 5/5
  2091 | D:4      | Noticed an ogre
  2106 | D:4      | Killed an ogre
  2107 | D:4      | Reached XP level 6. HP: 26/42 MP: 6/6
  2111 | D:4      | Slain by an iguana

Illustrated notes

Levels and vault maps discovered:
D:1:      ldierk_walled_garden, layout_rooms, hex_intersection
D:2:      layout_basic, bh_walls_and_bars
D:3:      minmay_angry_zag, layout_loops_ring,
          hellmonk_ecumenical_altar_slurped_away
D:4:      minmay_clustersquares, layout_basic

Skill      XL: |  1  2  3  4  5 |
---------------+----------------+-----
Stealth        | 1 2 3 4 |  4.1
Fighting       | 3 |  3.5
Dodging        | 4 |  4.3
Long Blades    | 4 |  4.2
Throwing       | |  2.0

Action                     |  1- 3 |  4- 6 || total
---------------------------+-------+-------++-------
  Melee: Long sword        |    52 |    53 ||   105
         Tentacles         |     9 |    12 ||    21
         Constrict         |    17 |    16 ||    33
         Punch             |     1 |       ||     1
         Dagger            |       |     3 ||     3
    Use: Scroll            |       |     9 ||     9
   Stab: Sleeping          |     8 |    10 ||    18
 Armour: Skin              |     5 |     7 ||    12
  Dodge: Dodged            |    35 |    35 ||    70

Table legend: (Time is in decaauts)
 A = Elapsed time spent in this place.
 B = Non-inter-level travel time spent in this place.
 C = Inter-level travel time spent in this place.
 D = Time resting spent in this place.
 E = Time spent auto-exploring this place.
 F = Levels seen in this place.
 G = Mean time per level.
                   A        B        C        D        E       F      G
               +--------+--------+--------+--------+--------+-----+--------+
         Total |   2132 |   2041 |     91 |      3 |   1621 |   4 |  533.0 |
       Dungeon |   2132 |   2041 |     91 |      3 |   1621 |   4 |  533.0 |
               +--------+--------+--------+--------+--------+-----+--------+

Top non-repeatable levels by time:
     D:2: 715 daAuts
     D:3: 660 daAuts
     D:1: 489 daAuts
     D:4: 266 daAuts
